 Dungeon Crawl Stone Soup version 0.27.1-2-g3b301248ec (webtiles) character file.

Game seed: 12665470059628923895

19509 Rickety the Destroyer (level 12, -1/91 HPs)
             Began as a Gnoll Conjurer on Sept 28, 2021.
             Was a Believer of Vehumet.
             Slain by a komodo dragon (22 damage)
             ... on level 4 of the Lair of Beasts.
             The game lasted 00:38:41 (16564 turns).

Rickety the Destroyer (Gnoll Conjurer)             Turns: 16564, Time: 00:38:41

Health: -1/91      AC: 11    Str:  6    XL:     12   Next: 69%
Magic:  3/25       EV: 14    Int: 33    God:    Vehumet [**....]
Gold:   1027       SH:  0    Dex: 11    Spells: 14/29 levels left

rFire    . . .     SeeInvis +   O - +5 quarterstaff of Dithmenos's Whim {freeze, Int+2 Stlth+}
rCold    . . .     Faith    .   (shield currently unavailable)
rNeg     . . .     Spirit   .   R - +3 leather armour
rPois    .         Reflect  .   p - +0 helmet
rElec    .         Harm     .   (no cloak)
rCorr    .         Rampage  .   A - +0 pair of gloves of Quantum Leap {Drain rC- Int+8 SInv}
Will     .....                  L - +0 pair of boots
Stlth    +++++.....             N - amulet of the acrobat
HPRegen  0.25/turn              Z - ring of wizardry
MPRegen  0.19/turn              n - ring of protection from cold

@: mighty
A: fangs 1, strong nose, distributed training
a: Renounce Religion


You were on level 4 of the Lair of Beasts.
You worshipped Vehumet.
Vehumet was pleased with you.
You visited 3 branches of the dungeon, and saw 12 of its levels.
You also visited: Ossuary and Bailey.

You collected 1027 gold pieces.

Inventory:

Hand Weapons
 r - a +1 dagger of venom
 O - the +5 quarterstaff of Dithmenos's Whim (weapon) {freeze, Int+2 Stlth+}
   (You found it on level 6 of the Dungeon)

   It freezes those it strikes, dealing additional cold damage.
   It can also slow down cold-blooded creatures.
   Int:       It affects your intelligence (+2).
   Stlth:     It makes you more stealthy.
 P - a +2 great sword of flaming
Missiles
 m - a throwing net
 s - 21 poisoned darts
Armour
 p - a +0 helmet (worn)
 q - a +0 buckler
 A - the +0 pair of gloves of Quantum Leap (worn) {Drain rC- Int+8 SInv}
   (You found it on level 4 of the Dungeon)

   Int:       It affects your intelligence (+8).
   rC:        It makes you vulnerable to cold.
   SInv:      It lets you see invisible.
   Drain:     It drains your maximum health when unequipped.
 L - a +0 pair of boots (worn)
 R - a +3 leather armour (worn)
Magical Staves
 V - a staff of air
Jewellery
 n - a ring of protection from cold (right hand)
 w - a ring of fire
 N - an amulet of the acrobat (around neck)
 Z - a ring of wizardry (left hand)
Wands
 c - a wand of iceblast (10)
 e - a wand of paralysis (7)
 x - a wand of flame (73)
 T - a wand of polymorph (10)
 U - a wand of acid (5)
Scrolls
 b - 2 scrolls of magic mapping {unknown}
 i - 7 scrolls of teleportation
 j - a scroll of summoning {unknown}
Potions
 d - 4 potions of magic
 f - 6 potions of curing
 g - 4 potions of might
 h - 4 potions of haste
 k - 2 potions of brilliance {unknown}
 v - 14 potions of ambrosia
 F - 4 potions of flight
Miscellaneous
 a - a tin of tremorstones (2/2)


   Skills:
 + Level 7.5 Fighting
 + Level 7.5 Short Blades
 + Level 7.5 Long Blades
 + Level 7.5 Axes
 + Level 7.5 Maces & Flails
 + Level 7.5 Polearms
 + Level 7.5 Staves
 + Level 7.5 Slings
 + Level 7.5 Bows
 + Level 7.5 Crossbows
 + Level 7.5 Throwing
 + Level 7.5 Armour
 + Level 8.9 Dodging
 + Level 8.7 Stealth
 + Level 7.5 Shields
 + Level 7.5 Unarmed Combat
 + Level 9.1 Spellcasting
 + Level 9.5 Conjurations
 + Level 6.2 Hexes
 + Level 6.2 Summonings
 + Level 6.2 Necromancy
 + Level 6.2 Translocations
 + Level 6.2 Transmutations
 + Level 6.2 Fire Magic
 + Level 6.2 Ice Magic
 + Level 6.2 Air Magic
 + Level 6.2 Earth Magic
 + Level 6.2 Poison Magic
 + Level 8.2 Invocations
 + Level 7.5 Evocations


You had 14 spell levels left.
You knew the following spells:

 Your Spells              Type           Power      Damage    Failure   Level
a - Magic Dart            Conj           100%       1d8       1%          1
k - Iskenderun's Mystic   Conj/Tloc      61%        2d13      1%          4
n - Fulminant Prism       Conj/Hex       30%        3d16      1%          4
r - Searing Ray           Conj           100%       3d7       1%          2
x - Olgreb's Toxic Radia  Pois           54%        N/A       1%          4

Your spell library contained the following spells:

 Spells                   Type           Power      Damage    Failure   Level
 Mephitic Cloud           Conj/Pois/Air  59%        N/A       1%          3
 Summon Small Mammal      Summ           100%       N/A       1%          1
 Dazzling Flash           Conj/Hex       100%       N/A       1%          3
 Ozocubu's Refrigeration  Ice            27%        4d10      71%         7
 Ignition                 Fire           27%        3d9       100%        8


Dungeon Overview and Level Annotations

Branches:
Dungeon (8/15)             Temple (1/1) D:5            Lair (2/6) D:8
 Shoals (0/4) Lair:4      Ossuary (visited)          Bailey (visited)
  Snake: Lair:2-4    Spider: Lair:2-4

Altars:
Ashenzari
Cheibriados
Dithmenos
Elyvilon
Fedhas
Gozag
Hepliaklqana
Kikubaaqudgha
Makhleb
Nemelex Xobeh
Okawaru
Qazlal
Sif Muna
Trog
Uskayaw
Vehumet
Wu Jian
Xom
Yredelemnul
Zin
The Shining One

Shops:
D:5 =   D:8 *


Innate Abilities, Weirdness & Mutations

You have very sharp teeth.
Your uncanny sense of smell can sniff out nearby items.
Your experience applies equally to all skills.


Message History

Vehumet accepts your kill.
You feel your power returning.
Casting: Fulminant Prism (mildly dangerous; 1% risk of failure)
Confirm with . or Enter, or press ? or * to list all spells.
Aiming: Searing Ray (safe; 1% risk of failure)
Press: ? - help, Shift-Dir - straight line, f - wyvern
Aim: a wyvern (83% to hit)
The searing ray hits the wyvern!
The wyvern is moderately wounded. (Press . to maintain the ray.)
The wyvern barely misses you.
The searing ray hits the wyvern!
The wyvern is severely wounded.
The wyvern bites you!
* * * LOW HITPOINT WARNING * * *
The wyvern closely misses you.
The searing ray hits the wyvern!
You kill the wyvern!
Vehumet accepts your kill.
Vehumet offers you knowledge of Mephitic Cloud.
You finish channeling your searing ray.
You feel much better. The komodo dragon bites you!
You feel very mighty all of a sudden. The komodo dragon barely misses you.
You closely miss the komodo dragon.
A rime drake comes into view.
The komodo dragon bites you.
You closely miss the komodo dragon. The komodo dragon bites you!
* * * LOW HITPOINT WARNING * * *
The rime drake hisses angrily.
You thump the komodo dragon! You freeze the komodo dragon.
The komodo dragon is moderately wounded.
The komodo dragon barely misses you.
You sock the komodo dragon!
The komodo dragon seems to slow down.
You freeze the komodo dragon.
The komodo dragon is heavily wounded.
You hit the komodo dragon. You freeze the komodo dragon.
The komodo dragon is severely wounded.
The komodo dragon bites you!!
You die...

..#....
......P
...P..P
.......
.P...[.
.......
##......>
##l...))..
#@#.....l.
###.......
.......
.......
.......
....?..
....... ∆


You could see a komodo dragon (slow).

Vanquished Creatures
  Erica (D:8)
  4 hydras
  2 orc knights (Bailey)
  2 wolf spiders (Lair:2)
  2 black mambas (Lair:2)
  7 cane toads
  4 komodo dragons
  A queen bee (Lair:1)
  Prince Ribbit (D:8)
  A jumping spider (Lair:2)
  A redback (Lair:2)
  18 yaks
  4 wyverns
  3 basilisks
  A steam dragon (D:7)
  Menkaure (D:5)
  4 water moccasins
  An ice beast (D:5)
  4 orc warriors
  A hornet zombie (D:8)
  A black bear (D:7)
  A necrophage (D:7)
  3 ogres
  4 centaurs
  A phantom (D:5)
  9 wolves
  A kobold brigand (D:7)
  Blork the orc (D:5)
  7 bullfrogs
  6 scorpions
  A water moccasin skeleton (D:5)
  33 killer bees
  3 howler monkeys
  2 jellies (D:5)
  2 centaur zombies
  8 orc priests
  3 hounds
  2 bullfrog skeletons
  Jessica (D:2)
  An iguana (D:5)
  4 orc wizards
  A killer bee zombie (D:8)
  A hound skeleton (D:5)
  12 mummies (Ossuary)
  9 gnolls
  10 adders
  3 shadow imps
  A white imp (D:6)
  A dart slug (D:3)
  29 orcs
  16 ball pythons
  6 endoplasms
  2 giant cockroaches
  11 goblins
  8 hobgoblins
  A jackal (D:4)
  3 quokkas
  12 bats
  6 frilled lizards (D:1)
  3 gnoll skeletons (Ossuary)
  2 goblin skeletons (Ossuary)
  29 kobolds
  A kobold skeleton (Ossuary)
  2 orc skeletons (Ossuary)
  2 rats
  11 rat skeletons (Ossuary)
339 creatures vanquished.

Vanquished Creatures (others)
  39 fulminant prisms
  16 fungi
  37 plants
92 creatures vanquished.

Grand Total: 431 creatures vanquished

Notes
Turn   | Place    | Note
-------+----------+-------------------------------------------
     0 | D:1      | Rickety the Gnoll Conjurer began the quest for the Orb.
     0 | D:1      | Reached XP level 1. HP: 13/13 MP: 6/6
   176 | D:1      | Reached XP level 2. HP: 20/20 MP: 1/7
   179 | D:1      | Learned a level 2 spell: Searing Ray
   265 | D:1      | Found a faded altar of an unknown god.
   428 | D:1      | Reached XP level 3. HP: 25/25 MP: 6/9
   461 | D:1      | Reached skill level 5 in Spellcasting
   508 | D:1      | You fall into a shaft and drop 1 floor!
   579 | D:2      | Noticed Jessica
   586 | D:2      | Killed Jessica
   587 | D:2      | Reached skill level 1 in Fighting
   587 | D:2      | Reached skill level 1 in Short Blades
   587 | D:2      | Reached skill level 1 in Long Blades
   587 | D:2      | Reached skill level 1 in Axes
   587 | D:2      | Reached skill level 1 in Maces & Flails
   587 | D:2      | Reached skill level 1 in Polearms
   587 | D:2      | Reached skill level 1 in Staves
   587 | D:2      | Reached skill level 1 in Slings
   587 | D:2      | Reached skill level 1 in Bows
   587 | D:2      | Reached skill level 1 in Crossbows
   587 | D:2      | Reached skill level 1 in Throwing
   587 | D:2      | Reached skill level 1 in Armour
   587 | D:2      | Reached skill level 1 in Shields
   587 | D:2      | Reached skill level 1 in Unarmed Combat
   587 | D:2      | Reached skill level 1 in Invocations
   587 | D:2      | Reached skill level 1 in Evocations
   587 | D:2      | Reached XP level 4. HP: 32/32 MP: 7/11
  1454 | D:2      | Reached skill level 1 in Hexes
  1454 | D:2      | Reached skill level 1 in Summonings
  1454 | D:2      | Reached skill level 1 in Necromancy
  1454 | D:2      | Reached skill level 1 in Translocations
  1454 | D:2      | Reached skill level 1 in Transmutations
  1454 | D:2      | Reached skill level 1 in Fire Magic
  1454 | D:2      | Reached skill level 1 in Ice Magic
  1454 | D:2      | Reached skill level 1 in Air Magic
  1454 | D:2      | Reached skill level 1 in Earth Magic
  1454 | D:2      | Reached skill level 1 in Poison Magic
  1796 | D:2      | Reached XP level 5. HP: 30/37 MP: 8/12
  2109 | D:2      | You fall into a shaft and drop 2 floors!
  3664 | D:4      | Reached XP level 6. HP: 44/44 MP: 8/14
  3906 | D:4      | Reached skill level 5 in Dodging
  4272 | D:4      | Identified the +0 pair of gloves of Quantum Leap {Drain rC-
                  | Int+8 SInv}
  4626 | D:5      | Entered Level 5 of the Dungeon
  4626 | D:5      | Noticed Menkaure
  4629 | D:5      | Killed Menkaure
  4630 | D:5      | Reached XP level 7. HP: 51/51 MP: 11/15
  4761 | D:5      | Found a glowing golden altar of the Shining One.
  4914 | D:5      | Found Qyokyf's Jewellery Shop.
  4925 | D:5      | Found a sand-covered staircase.
  4927 | D:5      | Noticed Blork the orc
  4936 | D:5      | Killed Blork the orc
  4943 | Ossuary  | Entered an ossuary
  5300 | Ossuary  | Reached skill level 5 in Stealth
  5776 | D:5      | Found a shadowy altar of Dithmenos.
  5781 | D:5      | Found a hazy altar of Hepliaklqana.
  5783 | D:5      | Noticed a shadow
  5939 | D:5      | Found a staircase to the Ecumenical Temple.
  5958 | Temple   | Entered the Ecumenical Temple
  6176 | D:5      | Reached XP level 8. HP: 57/57 MP: 12/16
  7061 | D:6      | Found an iron altar of Okawaru.
  7238 | D:6      | Identified the +5 quarterstaff of Dithmenos's Whim {freeze,
                  | Int+2 Stlth+}
  7392 | D:6      | Noticed a komodo dragon
  7407 | D:6      | Killed a komodo dragon
  7619 | D:6      | Found a bloodstained altar of Trog.
  7640 | D:6      | Reached XP level 9. HP: 65/65 MP: 15/18
  7647 | D:6      | Learned a level 4 spell: Fulminant Prism
  7652 | D:6      | Learned a level 4 spell: Iskenderun's Mystic Blast
  7894 | D:6      | Identified the +1 chain mail of the Zebra {Int+4 SInv}
  9070 | D:7      | Found a flagged portal.
  9082 | Bailey   | Entered a bailey
  9267 | Bailey   | Noticed an orc knight
  9268 | Bailey   | Noticed an orc knight
  9291 | Bailey   | Reached skill level 5 in Invocations
  9601 | Bailey   | Killed an orc knight
  9602 | Bailey   | Reached XP level 10. HP: 73/73 MP: 14/20
  9737 | Bailey   | Killed an orc knight
  9738 | Bailey   | Reached skill level 5 in Fighting
  9738 | Bailey   | Reached skill level 5 in Short Blades
  9738 | Bailey   | Reached skill level 5 in Long Blades
  9738 | Bailey   | Reached skill level 5 in Axes
  9738 | Bailey   | Reached skill level 5 in Maces & Flails
  9738 | Bailey   | Reached skill level 5 in Polearms
  9738 | Bailey   | Reached skill level 5 in Staves
  9738 | Bailey   | Reached skill level 5 in Slings
  9738 | Bailey   | Reached skill level 5 in Bows
  9738 | Bailey   | Reached skill level 5 in Crossbows
  9738 | Bailey   | Reached skill level 5 in Throwing
  9738 | Bailey   | Reached skill level 5 in Armour
  9738 | Bailey   | Reached skill level 5 in Shields
  9738 | Bailey   | Reached skill level 5 in Unarmed Combat
  9738 | Bailey   | Reached skill level 5 in Evocations
 11102 | D:8      | Noticed Erica
 11109 | D:8      | Killed Erica
 11646 | D:8      | Found a staircase to the Lair.
 12057 | D:8      | Found a shimmering blue altar of Sif Muna.
 12058 | D:8      | Found an ancient bone altar of Kikubaaqudgha.
 12059 | D:8      | Found a radiant altar of Vehumet.
 12065 | D:8      | Became a worshipper of Vehumet
 12073 | D:8      | Got Sif Muna's Grimoire of the Escort
 12294 | D:8      | Noticed Prince Ribbit
 12300 | D:8      | Killed Prince Ribbit
 12365 | D:8      | Found Qyquh's Gadget Gallery.
 12416 | Lair:1   | Entered Level 1 of the Lair of Beasts
 12487 | Lair:1   | Reached XP level 11. HP: 21/81 MP: 9/22
 12773 | Lair:1   | Reached skill level 5 in Hexes
 12773 | Lair:1   | Reached skill level 5 in Summonings
 12773 | Lair:1   | Reached skill level 5 in Necromancy
 12773 | Lair:1   | Reached skill level 5 in Translocations
 12773 | Lair:1   | Reached skill level 5 in Transmutations
 12773 | Lair:1   | Reached skill level 5 in Fire Magic
 12773 | Lair:1   | Reached skill level 5 in Ice Magic
 12773 | Lair:1   | Reached skill level 5 in Air Magic
 12773 | Lair:1   | Reached skill level 5 in Earth Magic
 12773 | Lair:1   | Reached skill level 5 in Poison Magic
 13077 | D:8      | Reached * piety under Vehumet
 13077 | D:8      | Offered knowledge of Freeze by Vehumet.
 14415 | Lair:1   | Reached ** piety under Vehumet
 14592 | Lair:1   | Offered knowledge of Poisonous Vapours by Vehumet.
 14598 | Lair:1   | Learned a level 4 spell: Olgreb's Toxic Radiance
 14871 | Lair:1   | Reached XP level 12. HP: 78/89 MP: 18/24
 15012 | Lair:2   | Noticed a five-headed hydra
 15018 | Lair:2   | Killed a five-headed hydra
 15337 | Lair:2   | Noticed a five-headed hydra
 16082 | Lair:2   | Killed a five-headed hydra
 16269 | Lair:2   | Noticed an eight-headed hydra
 16278 | Lair:2   | Killed an eight-headed hydra
 16534 | Lair:2   | You fall into a shaft and drop 2 floors!
 16534 | Lair:4   | Found a staircase to the Shoals.
 16539 | Lair:4   | Noticed a seven-headed hydra
 16553 | Lair:4   | Killed a seven-headed hydra
 16556 | Lair:4   | Offered knowledge of Mephitic Cloud by Vehumet.
 16564 | Lair:4   | Slain by a komodo dragon

Illustrated notes

Levels and vault maps discovered:
D:1:      matt_arrival_diagonals, layout_rooms, basic_ecumenical_altar
D:2:      layout_loops_corners, kennysheep_jessica_study
D:3:      layout_loops_corners, kennysheep_boxes
D:4:      layout_loops_ring, kennysheep_cross_bottleneck,
          chequers_decorated_corner, minmay_close_crescents
D:5:      minmay_angry_zag, layout_loops_ring,
          riverfiend_overflow_shadow_ancestor, mainiacjoe_overflow_24_doors,
          minmay_temple_entry_junction, serial_shops, shop, enter_ossuary_1,
          st_stairs_5, uniq_blork_the_orc, uniq_menkaure
D:6:      old_forge, layout_loops_ring, mainiacjoe_overflow_boulevard,
          okawaru_gym_becter
D:7:      layout_cave_pods, serial_park, serial_park_tiny_pond,
          serial_park_avenue1, serial_park_square2, serial_park_square3
          [serial_park_minivault_5x5_6], enter_bailey_4
D:8:      layout_loops_ring, grunt_temple_overflow_magic_moments,
          david_lair_shrubbed, nicolae_shop_gadgets, uniq_erica,
          uniq_prince_ribbit1
Temple:   nicolae_temple_figure_eight
Lair:1:   layout_roguey [special_room_bee], lemuel_fruit_tree,
          grunt_megastairs_3
Lair:2:   layout_regular_city, spider_nest_entry_funnel_web, grunt_megastairs_4
Lair:4:   layout_hall_layers, minmay_shoals_entry_centaurs,
          beast_lair_carwin_10, grunt_megastairs_2

Skill      XL: |  1  2  3  4  5  6  7  8  9 10 11 12 |
---------------+-------------------------------------+-----
Spellcasting   | 5 6 7 8 9 |  9.1
Fighting       | 1 2 3 4 5 6 7 |  7.5
Short Blades   | 1 2 3 4 5 6 7 |  7.5
Long Blades    | 1 2 3 4 5 6 7 |  7.5
Axes           | 1 2 3 4 5 6 7 |  7.5
Maces & Flails | 1 2 3 4 5 6 7 |  7.5
Polearms       | 1 2 3 4 5 6 7 |  7.5
Staves         | 1 2 3 4 5 6 7 |  7.5
Slings         | 1 2 3 4 5 6 7 |  7.5
Bows           | 1 2 3 4 5 6 7 |  7.5
Crossbows      | 1 2 3 4 5 6 7 |  7.5
Throwing       | 1 2 3 4 5 6 7 |  7.5
Armour         | 1 2 3 4 5 6 7 |  7.5
Shields        | 1 2 3 4 5 6 7 |  7.5
Unarmed Combat | 1 2 3 4 5 6 7 |  7.5
Invocations    | 1 2 3 4 5 6 7 8 |  8.2
Evocations     | 1 2 3 4 5 6 7 |  7.5
Hexes          | 1 2 3 4 5 6 |  6.2
Summonings     | 1 2 3 4 5 6 |  6.2
Necromancy     | 1 2 3 4 5 6 |  6.2
Translocations | 1 2 3 4 5 6 |  6.2
Transmutations | 1 2 3 4 5 6 |  6.2
Fire Magic     | 1 2 3 4 5 6 |  6.2
Ice Magic      | 1 2 3 4 5 6 |  6.2
Air Magic      | 1 2 3 4 5 6 |  6.2
Earth Magic    | 1 2 3 4 5 6 |  6.2
Poison Magic   | 1 2 3 4 5 6 |  6.2
Dodging        | 5 6 7 8 |  8.9
Stealth        | 5 6 7 8 |  8.7
Conjurations   | 8 9 |  9.5

Action                   |  1- 3 |  4- 6 |  7- 9 | 10-12 || total
-------------------------+-------+-------+-------+-------++-------
Melee: Bite              |       |     1 |       |     1 ||     2
       Dagger            |       |     1 |       |       ||     1
       Quarterstaff      |       |       |       |    26 ||    26
 Cast: Magic Dart        |    31 |    79 |    95 |   100 ||   305
       Searing Ray       |     5 |    11 |    61 |    81 ||   158
       Fulminant Prism   |       |       |    10 |    29 ||    39
       Iskenderun's Myst |       |       |       |    31 ||    31
       Olgreb's Toxic Ra |       |       |       |     4 ||     4
  Use: Potion            |       |       |       |     7 ||     7
       Scroll            |       |       |       |     7 ||     7
Armor: Robe              |       |     2 |     7 |    22 ||    31
       Leather armour    |       |       |       |    22 ||    22
Dodge: Dodged            |     3 |    15 |    41 |   185 ||   244
       Rpst.: Long sword |       |       |     3 |       ||     3
